 Dungeon Crawl Stone Soup version 0.30-a0-743-gbfdf073431 (webtiles) character file.

Game seed: 13985039586761743163

408 xian the Sneak (level 6, -5/38 HPs)
             Began as an Octopode Ice Elementalist on Feb 4, 2023.
             Slain by a gnoll
             ... wielding a +0 halberd
              (10 damage)
             ... on level 4 of the Dungeon on Feb 7, 2023.
             The game lasted 00:11:36 (3250 turns).

xian the Sneak (Octopode Ice Elementalist)          Turns: 3250, Time: 00:11:37

Health: -5/38      AC:  8    Str:  7    XL:     6   Next: 88%
Magic:  0/10       EV: 13    Int: 26    God:
Gold:   146        SH:  0    Dex: 12    Spells: 4/11 levels left

rFire   . . .      SeeInvis .    n - +3 quarterstaff (chaos)
rCold   . . .      Faith    .    (shield currently unavailable)
rNeg    + . .      Spirit   .    (helmet restricted)
rPois   .          Reflect  .    (no amulet)
rElec   .          Harm     .    j - +6 ring of intelligence
rCorr   .          Rampage  .    q - ring of positive energy
Will    .....                    (no ring)
Stlth   ++++                     (no ring)
HPRegen 0.26/turn                (no ring)
MPRegen 0.12/turn                (no ring)
                                 (no ring)
                                 (no ring)

@: ice-armoured, freezing walls
A: almost no armour, amphibious, 8 rings, camouflage 1, gelatinous body 1,
(nimble swimmer 1), tentacles
a: no special abilities


You were on level 4 of the Dungeon.
You visited 1 branch of the dungeon, and saw 4 of its levels.

You collected 172 gold pieces.
You spent 26 gold pieces at shops.

Inventory:

Hand Weapons
 n - a +3 quarterstaff of chaos (weapon)
Missiles
 e - 7 poisoned darts
 h - 2 javelins
Jewellery
 j - a +6 ring of intelligence (left tentacle)
 q - a ring of positive energy (right tentacle)
Wands
 l - a wand of flame (11)
Scrolls
 c - 2 scrolls of fog {unknown}
 f - 2 scrolls of enchant weapon {unknown}
 g - 2 scrolls of blinking
 i - 3 scrolls of magic mapping {unknown}
 o - a scroll of teleportation {unknown}
Potions
 a - a potion of magic
 b - 2 potions of might {unknown}
 d - a potion of curing {unknown}
 k - a potion of berserk rage
 m - a potion of flight
 p - 2 potions of mutation {unknown}
 r - 2 potions of resistance
 s - a potion of brilliance {unknown}


   Skills:
 + Level 1.4 Fighting
 + Level 1.4(2.3) Maces & Flails
 + Level 2.7(2.9) Staves
 + Level 2.4 Dodging
 + Level 5.2 Stealth
 + Level 3.0 Spellcasting
 + Level 5.2 Ice Magic


You had 4 spell levels left.
You knew the following spells:

 Your Spells              Type           Power      Damage    Failure   Level
a - Freeze                Ice            100%       1d10      1%          1
b - Frozen Ramparts       Ice            62%        1d10      3%          3
c - Ozocubu's Armour      Ice            31%        N/A       3%          3

Your spell library contained the following spells:

 Spells                   Type           Power      Damage    Failure   Level
 Summon Ice Beast         Ice/Summ       17%        N/A       32%         4


Dungeon Overview and Level Annotations

Branches:
Dungeon (4/15)
 Temple: D:4-7

Altars:
Ru
Uskayaw
Zin

Shops:
D:2 ?


Innate Abilities, Weirdness & Mutations

You cannot wear most types of armour.
You are amphibious.
You can wear up to eight rings at the same time.
Your skin changes colour to match your surroundings (Stealth+).
Your rubbery body absorbs attacks. (AC +1, EV +1)
((You are camouflaged when in or above water. (Stealth+)))
You have tentacles for arms and can constrict up to eight enemies at once.


Message History

* * * LOW HITPOINT WARNING * * *
The wall freezes the goblin.
You kill the goblin!
The wall freezes the gnoll.
The gnoll closely misses you.
The wall freezes the gnoll.
The gnoll closely misses you.
The wall freezes the gnoll!
You kill the gnoll!
Unknown command.
You start resting.
The frozen ramparts melt away.
You start resting.
Your icy armour starts to melt.
You start resting.
A gnoll comes into view. It is wielding a +0 halberd.
Your icy armour will break if you move.
Continue?
Uppercase [Y]es or [N]o only, please.
Your icy armour will break if you move.
Continue?
Your icy armour cracks and falls away as you move.
The gnoll shouts!
Things that are here:
a +3 halberd; a hobgoblin corpse; a hobgoblin corpse
Casting: Ozocubu's Armour (dangerous; 3% risk of failure)
Confirm with . or Enter, or press ? or * to list all spells.
Okay, then.
The gnoll hits you from afar with a +0 halberd!
The gnoll barely misses you.
Items here: ))) ††.
Casting: Ozocubu's Armour (dangerous; 3% risk of failure)
Confirm with . or Enter, or press ? or * to list all spells.
Casting: Frozen Ramparts (dangerous; 3% risk of failure)
Press: ? - help, Dir - look around, f - activate The walls around you are covered in ice.
The wall freezes the gnoll.
The gnoll hits you with a +0 halberd!
* * * LOW HITPOINT WARNING * * *
Okay, then.
Casting: Frozen Ramparts (dangerous; 3% risk of failure)
Confirm with . or Enter, or press ? or * to list all spells.
A film of ice covers your body!
The wall freezes the gnoll.
The gnoll hits you with a +0 halberd!
You die...

#. #.# #.. #. #.# ##..
##.## #.# #.# .. ...# #.#
.. g.#######.## #># #
..........#####.###
#.###.#)†..##....###
#.....#g#..........##
#.._..#@###.........####
#.....#.# #.....)....##.
##.#.###)#)#
#............#
#......).).#
#........#.###
...#######...############
$...# .....# ##..### ####


You could see a gnoll.

Vanquished Creatures
  A phantom (D:4)
  A scorpion (D:4)
  A hound (D:4)
  Crazy Yiuf (D:2)
  Terence (D:3)
  An orc wizard (D:3)
  Robin (D:4)
  A gnoll (D:4)
  6 adders
  3 worms
  2 dart slugs
  4 orcs
  5 ball pythons
  5 endoplasms
  3 giant cockroaches
  10 goblins
  12 hobgoblins
  2 jackals (D:4)
  7 quokkas
  6 bats
  5 frilled lizards
  3 kobolds
  A rat (D:1)
82 creatures vanquished.

Notes
Turn   | Place    | Note
-------+----------+-------------------------------------------
     0 | D:1      | xian the Octopode Ice Elementalist began the quest for the
                  | Orb.
     0 | D:1      | Reached XP level 1. HP: 11/11 MP: 3/3
   325 | D:1      | Reached XP level 2. HP: 17/17 MP: 5/5
   952 | D:1      | Upgraded the game from 0.30-a0-739-gea05faddec to
                  | 0.30-a0-743-gbfdf073431
  1037 | D:2      | Reached XP level 3. HP: 17/21 MP: 6/6
  1046 | D:2      | Learned a level 3 spell: Frozen Ramparts
  1352 | D:2      | Found Borofut's Magic Scroll Boutique.
  1360 | D:2      | Bought a scroll of identify for 26 gold pieces
  1585 | D:2      | Reached skill level 1 in Maces & Flails
  1625 | D:2      | Reached XP level 4. HP: 27/27 MP: 7/7
  1633 | D:2      | Learned a level 3 spell: Ozocubu's Armour
  1646 | D:2      | Found a runed translucent door.
  1647 | D:2      | Noticed Crazy Yiuf
  1662 | D:2      | Killed Crazy Yiuf
  1979 | D:3      | Found a faded altar of an unknown god.
  2017 | D:3      | Reached XP level 5. HP: 31/32 MP: 7/9
  2175 | D:3      | Reached skill level 1 in Staves
  2463 | D:3      | Noticed Terence
  2481 | D:3      | Killed Terence
  2482 | D:3      | Reached skill level 5 in Ice Magic
  2585 | D:3      | Found a glowing silver altar of Zin.
  2689 | D:4      | Noticed a phantom
  2705 | D:4      | Killed a phantom
  2706 | D:4      | Reached skill level 1 in Fighting
  2706 | D:4      | Reached XP level 6. HP: 24/38 MP: 4/10
  2810 | D:4      | Found a sacrificial altar of Ru.
  2932 | D:4      | Reached skill level 5 in Stealth
  3138 | D:4      | Noticed Robin
  3144 | D:4      | Killed Robin
  3151 | D:4      | Found a hide-covered altar of Uskayaw.
  3250 | D:4      | Slain by a gnoll

Illustrated notes

Levels and vault maps discovered:
D:1:      co_arrival_square_in_a_square_in_a_square, layout_loops_corners,
          grunt_decor_mini_mirrors
D:2:      layout_rooms, serial_shops, nicolae_shop_trees,
          chequers_serial_rivers_small_3, minmay_pentomino_u2,
          uniq_crazy_yiuf_cottage
D:3:      layout_loops_ring, amcnicky_altar_gilded,
          ebering_ecumenical_altar_mist, serial_rivers,
          chequers_serial_rivers_small_a, chequers_serial_rivers_room_b,
          chequers_serial_rivers_marsh, chequers_serial_rivers_small_a,
          uniq_terence
D:4:      layout_layer_cave, kennysheep_mini_moat, slow_altar_2,
          mainiacjoe_overflow_cross_hatched, uniq_robin

Skill      XL: |  1  2  3  4  5  6 |
---------------+-------------------+-----
Stealth        | 3 4 5 |  5.2
Maces & Flails | 1 |  1.4
Staves         | 2 |  2.7
Ice Magic      | 5 |  5.2
Fighting       | 1 |  1.4
Spellcasting   | 3 |  3.0
Dodging        | |  2.4

Action                     |  1- 3 |  4- 6 || total
---------------------------+-------+-------++-------
  Melee: Whip              |    49 |     3 ||    52
         Constrict         |    12 |    14 ||    26
         Tentacles         |     8 |    12 ||    20
         Punch             |     2 |       ||     2
         Quarterstaff      |       |    65 ||    65
   Cast: Freeze            |    11 |     3 ||    14
         Frozen Ramparts   |     3 |    11 ||    14
         Ozocubu's Armour  |       |     5 ||     5
    Use: Scroll            |     5 |       ||     5
   Stab: Sleeping          |     7 |    16 ||    23
 Armour: Skin              |    13 |     8 ||    21
  Dodge: Dodged            |    43 |    39 ||    82

Table legend: (Time is in decaauts)
 A = Elapsed time spent in this place.
 B = Non-inter-level travel time spent in this place.
 C = Inter-level travel time spent in this place.
 D = Time resting spent in this place.
 E = Time spent auto-exploring this place.
 F = Levels seen in this place.
 G = Mean time per level.
                   A        B        C        D        E       F      G
               +--------+--------+--------+--------+--------+-----+--------+
         Total |   3265 |   3211 |     54 |     35 |   2258 |   4 |  816.2 |
       Dungeon |   3265 |   3211 |     54 |     35 |   2258 |   4 |  816.2 |
               +--------+--------+--------+--------+--------+-----+--------+

Top non-repeatable levels by time:
     D:1: 995 daAuts
     D:2: 869 daAuts
     D:3: 833 daAuts
     D:4: 566 daAuts
